 Dungeon Crawl Stone Soup version 0.25.1-2-g60ff931df9 (webtiles) character file.

Game seed: 8633027972777986875

196562 hehateme the Warrior (level 18, -9/166 HPs)
             Began as a Hill Orc Berserker on Nov 7, 2020.
             Was a High Priest of Trog.
             Mangled by an ettin
             ... wielding a +0 dire flail
              (10 damage)
             ... while paralysed by a floating eye
             ... on level 2 of the Depths.
             The game lasted 02:10:38 (42845 turns).

hehateme the Warrior (Hill Orc Berserker)          Turns: 42845, Time: 02:10:38

Health: -9/166     AC: 26    Str: 34    XL:     18   Next: 37%
Magic:  18/18      EV:  2    Int: 11    God:    Trog [*****.]
Gold:   866        SH:  0    Dex: 13    Spells: 17/17 levels left

rFire    + . .     SeeInvis .   y - +8 trident of the Octopus King {venom, rElec rPois MR+}
rCold    + . .     Gourm    .   L - +3 buckler of the King of the Hill {-Cast rPois Str+6 Int+4}
rNeg     . . .     Faith    .   B - +5 chain mail {rF+}
rPois    +         Spirit   .   X - +2 hat
rElec    +         Reflect  +   Q - +0 cloak
rCorr    .         Harm     .   U - +0 pair of fencer's gloves {Riposte Dex+3}
MR       ++...     NoCast   +   E - +2 pair of boots
Stlth    +.........             n - amulet of reflection
HPRegen  0.37/turn              x - ring of stealth
MPRegen  0.16/turn              I - ring of protection from cold

@: paralysed, about to teleport, very slightly contaminated, invisible
A: no striking features
}: 1/15 runes: gossamer
a: Berserk, Trog's Hand, Brothers in Arms, Renounce Religion


You were on level 2 of the Depths.
You worshipped Trog.
Trog was extremely pleased with you.
You were not hungry.

You visited 5 branches of the dungeon, and saw 28 of its levels.

You collected 2732 gold pieces.
You spent 1866 gold pieces at shops.

Inventory:

Hand Weapons
 e - a +1 antimagic trident
 f - a +3 vorpal glaive
 g - the +5 war axe of the Thieving Fox {vorpal, Dex+4}
   (You found it on level 13 of the Dungeon)

   It inflicts extra damage upon your enemies.
   It affects your dexterity (+4).
 y - the +8 trident of the Octopus King (weapon) {venom, rElec rPois MR+}
   (You found it on level 5 of the Dungeon)

   It poisons the flesh of those it strikes.
   It insulates you from electricity.
   It protects you from poison.
   It affects your resistance to hostile enchantments.
 V - a +9 antimagic broad axe
Armour
 B - a +5 chain mail of fire resistance (worn)
 E - a +2 pair of boots (worn)
 L - the +3 buckler of the King of the Hill (worn) {-Cast rPois Str+6 Int+4}
   (You found it on level 6 of the Dungeon)

   It affects your strength (+6).
   It affects your intelligence (+4).
   It protects you from poison.
   It prevents spellcasting.
 Q - a +0 cloak (worn)
 T - a +0 plate armour
 U - the +0 pair of fencer's gloves (worn) {Riposte Dex+3}
   (You bought it in a shop on level 2 of the Orcish Mines)

   It affects your dexterity (+3).
 X - a +2 hat (worn)
Jewellery
 n - an amulet of reflection (around neck)
 u - a +6 ring of strength
 x - a ring of stealth (left hand)
 D - an uncursed ring of positive energy
 I - a ring of protection from cold (right hand)
 O - an uncursed ring of see invisible
Wands
 k - a wand of acid (36)
 J - a wand of flame (68)
 R - a wand of iceblast (6)
 Y - a wand of paralysis (3)
 Z - a wand of digging (3)
Scrolls
 b - a scroll of silence
 h - 13 scrolls of remove curse
 i - a scroll of torment
 l - 5 scrolls of immolation
 m - 3 scrolls of blinking
 p - 8 scrolls of fog
 q - 7 scrolls of teleportation
 t - a scroll of vulnerability
 v - 3 scrolls of enchant weapon
 w - 3 scrolls of magic mapping
 A - 2 scrolls of noise
 G - a scroll of fear
 H - 3 scrolls of summoning
 S - a scroll of brand weapon {unknown}
 W - 9 scrolls of identify
Potions
 a - a potion of berserk rage {unknown}
 d - 2 potions of haste
 j - 11 potions of flight
 o - 12 potions of curing
 r - 7 potions of stabbing
 s - 9 potions of degeneration
 z - 5 potions of lignification
 C - 2 potions of magic
 F - 5 potions of resistance
 K - 5 potions of ambrosia
 M - 2 potions of heal wounds
 N - 3 potions of invisibility
Comestibles
 c - 23 rations
 P - 6 chunks of flesh


   Skills:
 * Level 16.1 Fighting
 - Level 15.5(19.6) Axes
   Level 8.0(11.7) Maces & Flails
 + Level 15.9(17.6) Polearms
 + Level 14.0 Armour
 + Level 11.5 Dodging
 + Level 5.0 Stealth
 + Level 11.2 Shields
 + Level 1.1 Evocations


You had 17 spell levels left.
You didn't know any spells.
Your spell library was empty.

Dungeon Overview and Level Annotations

Branches:
Dungeon (15/15)            Temple (0/1) D:6            Lair (5/6) D:8
 Shoals (0/4) Lair:2       Spider (4/4) Lair:3        Slime (0/5) Lair:5
    Orc (2/2) D:9             Elf (0/3) Orc:2        Vaults (0/5) D:13
 Depths (2/5) D:15

Altars:
Ashenzari
Dithmenos
Elyvilon
Gozag
Makhleb
Nemelex Xobeh
Wu Jian
Yredelemnul
Zin
Jiyva
Lugonu

Shops:
D:4 (   D:5 !   D:6 *   D:14 ?   Orc:2 !?[!   Depths:1 =*

Portals:
Hell: Depths:1 Depths:2
Abyss: Depths:1
Pandemonium: Depths:2

Annotations:
D:15 Roxanne
Lair:2 exclusion: 3 oklob plants
Lair:4 1 runed translucent door


Message History

You suddenly lose the ability to move!
A deep troll earth mage comes into view.
The ettin hits you but does no damage.
The ettin hits you with a +0 dire flail!
The floating eye's view fixates on you.
The ettin hits you with a +1 dire flail of holy wrath!!!
* * * LOW HITPOINT WARNING * * *
The ettin hits you with a +0 dire flail!
* * * LOW HITPOINT WARNING * * *
You hear a shout!
The ettin hits you but does no damage. x2
The ettin hits you with a +1 dire flail of holy wrath!!
* * * LOW HITPOINT WARNING * * *
The ettin hits you with a +0 dire flail!
* * * LOW HITPOINT WARNING * * *
A deep troll comes into view.
A stone giant comes into view.
The ettin hits you but does no damage.
The ettin hits you with a +0 dire flail!
You die...

.....#...........................
.#..#....#..............#.##...##
.#..#...###########.....#...##..#
...#......########....#......#.#
#....................[.#........#
.§..##.........[....#.#.........#
..##...(#............[#.....#....
##....###............#....##....#
......###.....TC@....#..##......#
......##.......CG..##.##........#
......##...........##...........#
......##.T.........##.###.#######
......∩....T..#######......#
#............C# #......######
#................# #......#.....
...).............# #.###.##.....
.................# ##..##.##.....


You could see a stone giant (wandering), 2 ettins, 2 deep trolls, a deep troll
earth mage and a floating eye (charged).

Vanquished Creatures
  Jorgrun (Spider:1)
  Kirke (D:14)
  A tengu reaver (Depths:1)
  3 frost giants (Depths:2)
  6 ghost moths
  An iron dragon (Depths:2)
  6 emperor scorpions
  2 stone giants (Depths:1)
  5 entropy weavers
  Nessos (Orc:2)
  Azrael (D:13)
  6 spark wasps
  A blizzard demon (Depths:2)
  2 fire dragons
  An ettin (D:15)
  3 vault guards (D:13)
  3 ice dragons (Depths:1)
  A great orb of eyes (Depths:2)
  2 rakshasas (Depths:1)
  2 catoblepae
  2 hydras
  A centaur warrior (D:15)
  Erica (D:9)
  A queen ant (D:12)
  4 ogre magi
  10 two-headed ogres
  7 orc high priests (Orc:2)
  3 death yaks
  3 tengu warriors
  5 deep troll shamans
  A deep troll earth mage (Depths:2)
  A deep elf knight (D:13)
  4 iron trolls
  3 unseen horrors
  4 deep trolls
  2 wizards
  11 orb spiders
  Pikel (D:5)
  2 necromancers (Depths:1)
  A wolf spider zombie (D:14)
  A fire giant zombie (Depths:1)
  3 deep elf magi
  19 ugly things
  3 cyclopes
  A stone giant zombie (Depths:1)
  7 orc knights
  2 orc sorcerers
  34 wolf spiders
  A manticore (D:14)
  5 elephants (Lair:2)
  5 moths of wrath
  A guardian serpent (D:11)
  3 gargoyles
  An orange demon (Depths:2)
  2 black mambas
  2 smoke demons
  11 spiny frogs
  A stone giant skeleton (Depths:1)
  A rime drake (Lair:5)
  A rime drake (shapeshifter) (Depths:2)
  A storm dragon simulacrum (Depths:1)
  A torpor snail (Spider:2)
  4 komodo dragons
  An efreet (D:15)
  16 demonic crawlers
  A tengu conjurer (Depths:1)
  6 yaktaurs (Depths:1)
  A yaktaur skeleton (Depths:1)
  A red devil (Depths:1)
  5 trolls
  21 jumping spiders
  12 hornets
  3 slime creatures
  6 dream sheep (Lair:4)
  12 hippogriffs
  An ettin zombie (Depths:1)
  12 blink frogs
  75 redbacks
  A ynoxinul (Depths:2)
  12 yaks
  2 spriggan skeletons (Depths:1)
  26 tarantellas
  5 wyverns
  2 wraiths (D:13)
  A hog (shapeshifter) (D:14)
  5 hogs (D:14)
  A human (D:13)
  2 fire elementals (D:13)
  A golden eye (shapeshifter) (Depths:1)
  A steam dragon (D:11)
  A basilisk (Lair:4)
  12 wolves
  Menkaure (D:6)
  3 hungry ghosts
  3 vampire mosquitoes (D:13)
  Edmund (D:6)
  A two-headed ogre zombie (D:9)
  A warg (Orc:2)
  17 soldier ants (D:12)
  8 water moccasins
  5 hell hounds
  12 porcupines
  Duvessa (D:5)
  4 slaves (D:5)
  36 orc warriors
  A floating eye (Depths:2)
  An ettin simulacrum (Depths:1)
  4 ice beasts
  5 phantoms
  4 black bears
  A necrophage (D:12)
  2 sky beasts
  17 ogres
  13 centaurs
  3 boggarts (Depths:2)
  4 crocodiles
  6 big kobolds
  Blork the orc (D:6)
  16 bullfrogs
  A gnoll sergeant (D:10)
  Dowan (D:5)
  A water moccasin zombie (D:6)
  A wyvern zombie (D:8)
  4 scorpions
  A water moccasin skeleton (D:7)
  5 killer bees (D:10)
  A troll zombie (D:9)
  18 wights
  5 electric eels
  9 howler monkeys
  2 bullfrog zombies
  A centaur zombie (D:8)
  8 crimson imps
  9 jellies
  A quasit (D:8)
  4 iguanas
  30 orc priests
  3 centaur skeletons
  7 hounds
  3 bullfrog skeletons
  Jessica (D:3)
  23 orc wizards
  A hell rat (D:8)
  27 worker ants
  6 ogre zombies (D:9)
  2 hound skeletons
  3 worker ant zombies
  9 gnolls
  A river rat (D:8)
  11 adders
  3 shadow imps
  An ooze (D:6)
  4 adder skeletons
  4 worms
  A dart slug (D:1)
  5 leopard geckos
  67 orcs
  2 ball pythons (D:4)
  4 bats
  A giant cockroach (D:2)
  3 goblins
  5 hobgoblins
  6 jackals
  27 kobolds
  8 quokkas
  2 frilled lizards
  A hobgoblin skeleton (D:9)
  2 hobgoblin zombies (D:9)
  2 orc skeletons (D:9)
  19 orc zombies (D:9)
  A quokka skeleton (D:4)
  7 rats
  A spectral orc (D:5)
  2 fungi
  A plant (Lair:4)
1020 creatures vanquished.

Vanquished Creatures (collateral kills)
  A hydra (D:12)
  A vault guard (D:13)
  A centaur skeleton (D:12)
  A tengu conjurer (D:13)
  A slime creature (Depths:1)
  2 yaks (D:12)
  3 soldier ants (D:12)
  A bullfrog (D:12)
  A crimson imp (D:12)
  4 worker ants (D:12)
  A shadow imp (D:12)
17 creatures vanquished.

Vanquished Creatures (others)
  A human (D:14)
  An orc warrior (D:11)
  A bullfrog (Lair:2)
  2 fungi
  2 plants (Lair:2)
7 creatures vanquished.

Grand Total: 1044 creatures vanquished

Notes
Turn   | Place    | Note
-------+----------+-------------------------------------------
     0 | D:1      | hehateme the Hill Orc Berserker began the quest for the
                  | Orb.
     0 | D:1      | Reached XP level 1. HP: 19/19 MP: 1/1
   236 | D:1      | Reached XP level 2. HP: 26/27 MP: 2/2
   679 | D:2      | Reached skill level 4 in Fighting
   908 | D:2      | Reached XP level 3. HP: 33/33 MP: 3/3
  2119 | D:3      | Noticed Jessica
  2121 | D:3      | Found an opulent altar of Gozag.
  2146 | D:3      | Killed Jessica
  2146 | D:3      | Reached skill level 5 in Axes
  2146 | D:3      | Reached XP level 4. HP: 25/41 MP: 4/4
  2389 | D:3      | Reached ** piety under Trog
  3119 | D:4      | Reached XP level 5. HP: 36/47 MP: 5/5
  3414 | D:4      | Found Rocsulesch's Antique Weapon Boutique.
  4047 | D:4      | Found an ornate altar of the Wu Jian Council.
  4054 | D:4      | Found a white marble altar of Elyvilon.
  4220 | D:5      | Entered Level 5 of the Dungeon
  4267 | D:5      | Reached skill level 5 in Fighting
  4267 | D:5      | Reached XP level 6. HP: 56/56 MP: 6/6
  4316 | D:5      | Noticed Duvessa
  4317 | D:5      | Noticed Dowan
  4330 | D:5      | Killed Duvessa
  4378 | D:5      | Killed Dowan
  4378 | D:5      | Reached XP level 7. HP: 25/61 MP: 7/7
  4519 | D:5      | Found the +8 trident of the Octopus King {venom, rElec
                  | rPois MR+}
  4722 | D:6      | Found a glowing silver altar of Zin.
  4722 | D:6      | Found Zin's Purification Station.
  4978 | D:5      | Noticed Pikel
  5070 | D:5      | Killed Pikel
  5070 | D:5      | Reached skill level 6 in Fighting
  5070 | D:5      | Reached skill level 5 in Armour
  5070 | D:5      | Reached XP level 8. HP: 62/70 MP: 8/8
  5726 | D:5      | Reached skill level 1 in Stealth
  5810 | D:5      | Found a basalt altar of Yredelemnul.
  5879 | D:5      | Found Lubb's Distillery.
  6066 | D:5      | Got a warped hand crossbow
  6067 | D:5      | Identified the +6 hand crossbow of Ykips {freeze, Int+7
                  | Dex-4} (You found it on level 5 of the Dungeon)
  6263 | D:6      | Reached skill level 5 in Polearms
  6305 | D:6      | Reached XP level 9. HP: 75/78 MP: 9/9
  6534 | D:6      | Found a burning altar of Makhleb.
  6537 | D:6      | Noticed a balrug
  6621 | D:6      | Reached skill level 7 in Fighting
  6945 | D:6      | Noticed Menkaure
  6951 | D:6      | Killed Menkaure
  7065 | D:6      | Found a staircase to the Ecumenical Temple.
  7099 | D:6      | Noticed Blork the orc
  7112 | D:6      | Killed Blork the orc
  7322 | D:6      | Noticed Edmund
  7335 | D:6      | Killed Edmund
  7429 | D:6      | Got a fine buckler
  7435 | D:6      | Identified the +3 buckler of the King of the Hill {-Cast
                  | rPois Str+6 Int+4} (You found it on level 6 of the Dungeon)
  7795 | D:7      | Reached XP level 10. HP: 83/88 MP: 10/10
  7913 | D:7      | Found an opulent altar of Gozag.
  8035 | D:7      | Reached *** piety under Trog
  8705 | D:8      | Noticed a death yak
  8706 | D:8      | Noticed a death yak
  8737 | D:7      | Killed a death yak
  8737 | D:7      | Reached skill level 1 in Shields
  8755 | D:7      | HP: 2/88 [death yak (19)]
  8756 | D:7      | Killed a death yak
  8756 | D:7      | Reached skill level 8 in Fighting
  9128 | D:8      | Noticed a death yak
  9157 | D:8      | Killed a death yak
  9224 | D:8      | Found a staircase to the Lair.
  9819 | D:8      | Got a jewelled falchion
  9821 | D:8      | Identified the +8 falchion "Odeveraa" {drain, rPois MR-
                  | Str+9} (You found it on level 8 of the Dungeon)
  9934 | D:8      | Found a staircase to the Lair.
 10251 | D:9      | Reached XP level 11. HP: 94/94 MP: 11/11
 10533 | D:9      | Reached **** piety under Trog
 10582 | D:9      | Reached skill level 10 in Polearms
 10810 | D:9      | Reached skill level 10 in Axes
 10928 | D:9      | Noticed Erica
 10940 | D:9      | Killed Erica
 10969 | D:9      | Reached ***** piety under Trog
 10969 | D:9      | Reached skill level 5 in Maces & Flails
 11070 | D:9      | Noticed a two-headed ogre
 11076 | D:9      | Killed a two-headed ogre
 11148 | D:9      | Noticed a two-headed ogre
 11158 | D:9      | Killed a two-headed ogre
 11281 | D:9      | Found a staircase to the Orcish Mines.
 11739 | D:10     | Entered Level 10 of the Dungeon
 11939 | D:10     | Killed an unseen horror
 11939 | D:10     | Reached skill level 9 in Fighting
 12124 | D:10     | Noticed a two-headed ogre
 12292 | D:9      | Reached XP level 12. HP: 83/104 MP: 12/12
 12380 | D:10     | Killed a two-headed ogre
 12921 | Lair:1   | Entered Level 1 of the Lair of Beasts
 13504 | Lair:1   | Received a gift from Trog
 14280 | Lair:2   | Reached skill level 5 in Shields
 14533 | Lair:2   | Found a staircase to the Shoals.
 15392 | Lair:3   | Noticed a catoblepas
 15445 | Lair:3   | Killed a catoblepas
 15505 | Lair:3   | Found a hole to the Spider Nest.
 15607 | Lair:3   | Reached skill level 10 in Fighting
 15851 | Lair:3   | Reached XP level 13. HP: 91/113 MP: 13/13
 17379 | Lair:4   | Found a runed translucent door.
 17679 | Lair:5   | Found a staircase to the Slime Pits.
 17680 | Lair:5   | Found a viscous altar of Jiyva.
 19018 | Spider:1 | Entered Level 1 of the Spider Nest
 19046 | Spider:1 | Noticed an emperor scorpion
 19067 | Spider:1 | Killed an emperor scorpion
 19077 | Spider:1 | Reached skill level 10 in Armour
 19142 | Spider:1 | Reached skill level 11 in Fighting
 19574 | Spider:1 | Reached XP level 14. HP: 114/124 MP: 14/14
 19582 | Spider:1 | Received a gift from Trog
 19625 | Spider:1 | Noticed Jorgrun
 19652 | Spider:1 | Killed Jorgrun
 20319 | Spider:1 | Noticed an entropy weaver
 20332 | Spider:1 | Killed an entropy weaver
 22286 | Spider:2 | Killed a ghost moth
 22286 | Spider:2 | Reached skill level 12 in Fighting
 23052 | Spider:4 | Entered Level 4 of the Spider Nest
 23247 | Spider:3 | Received a gift from Trog
 23909 | Spider:3 | Reached XP level 15. HP: 132/134 MP: 15/15
 23995 | Spider:3 | Killed a ghost moth
 24670 | Spider:4 | Reached skill level 5 in Dodging
 25181 | Spider:4 | Noticed an emperor scorpion
 25181 | Spider:4 | Noticed an emperor scorpion
 25541 | Spider:3 | Killed an emperor scorpion
 25558 | Spider:3 | Killed an emperor scorpion
 25929 | Spider:4 | Reached skill level 13 in Fighting
 26901 | Spider:4 | Noticed a ghost moth
 26925 | Spider:4 | Killed a ghost moth
 26950 | Spider:3 | Reached skill level 15 in Axes
 26976 | Spider:4 | Noticed a ghost moth
 26988 | Spider:4 | Killed a ghost moth
 27261 | Spider:4 | Received a gift from Trog
 27764 | Spider:4 | Noticed an emperor scorpion
 27817 | Spider:4 | Killed an emperor scorpion
 27928 | Spider:4 | Reached XP level 16. HP: 78/144 MP: 16/16
 28211 | Spider:4 | Reached skill level 15 in Polearms
 28225 | Spider:4 | Got a gossamer rune of Zot
 29688 | D:11     | You fall into a shaft and drop 1 floor!
 30126 | D:12     | Received a gift from Trog
 30967 | D:13     | Found the +5 scythe "Finisher" {speed, eviscerate}
 31246 | D:13     | Noticed Azrael
 31785 | Orc:1    | Entered Level 1 of the Orcish Mines
 32314 | Orc:1    | Received a gift from Trog
 32514 | Orc:2    | Entered Level 2 of the Orcish Mines
 32514 | Orc:2    | Noticed Nessos
 32524 | Orc:2    | Killed Nessos
 33302 | Orc:2    | Found a staircase to the Elven Halls.
 34336 | Orc:2    | Reached skill level 10 in Dodging
 34618 | Orc:2    | Found Reamewy's Armour Emporium.
 34621 | Orc:2    | Found Neoja's Magic Scroll Shoppe.
 34622 | Orc:2    | Found Gonusyp's Distillery.
 34623 | Orc:2    | Found Naymaon's Distillery.
 34630 | Orc:2    | Bought the +0 pair of fencer's gloves {Riposte Dex+3} for
                  | 480 gold pieces
 34630 | Orc:2    | Found the +0 pair of fencer's gloves {Riposte Dex+3}
 34662 | Orc:2    | Bought a potion of cancellation for 88 gold pieces
 34662 | Orc:2    | Bought a potion of curing for 33 gold pieces
 34662 | Orc:2    | Bought a potion of curing for 33 gold pieces
 34664 | Orc:2    | Bought a scroll of silence for 120 gold pieces
 34664 | Orc:2    | Bought a scroll of summoning for 152 gold pieces
 34664 | Orc:2    | Bought a scroll of teleportation for 48 gold pieces
 34664 | Orc:2    | Bought a scroll of teleportation for 48 gold pieces
 34664 | Orc:2    | Bought a scroll of blinking for 120 gold pieces
 34664 | Orc:2    | Bought a scroll of summoning for 152 gold pieces
 34664 | Orc:2    | Bought a scroll of immolation for 56 gold pieces
 34665 | Orc:2    | Bought a potion of invisibility for 128 gold pieces
 34665 | Orc:2    | Bought 2 potions of stabbing for 128 gold pieces
 34972 | D:13     | Killed Azrael
 35166 | D:13     | Reached XP level 17. HP: 151/151 MP: 17/17
 35487 | D:13     | Paralysed by fainting for 8 turns
 35852 | D:13     | Got a jewelled war axe
 35874 | D:13     | Identified the +5 war axe of the Thieving Fox {vorpal,
                  | Dex+4} (You found it on level 13 of the Dungeon)
 35952 | D:13     | Found a gate to the Vaults.
 36241 | D:14     | Noticed Kirke
 36249 | D:14     | Killed Kirke
 36267 | D:14     | Reached skill level 1 in Evocations
 36342 | D:14     | Found Kipt's Magic Scroll Shop.
 36907 | D:14     | Bought a scroll of teleportation for 51 gold pieces
 36907 | D:14     | Bought a scroll of blinking for 127 gold pieces
 36907 | D:14     | Bought a scroll of fog for 34 gold pieces
 36907 | D:14     | Bought a scroll of fog for 34 gold pieces
 36907 | D:14     | Bought a scroll of fog for 34 gold pieces
 36968 | D:15     | Entered Level 15 of the Dungeon
 36988 | D:15     | Reached skill level 14 in Fighting
 37244 | D:15     | Found a shadowy altar of Dithmenos.
 37290 | D:15     | Found a staircase to the Depths.
 37648 | D:15     | Identified Roxanne's Grimoire of the Mountains
 37648 | D:15     | Noticed Roxanne
 38104 | Depths:1 | Entered Level 1 of the Depths
 38139 | Depths:1 | Reached skill level 10 in Shields
 39245 | Depths:1 | Found Zurghab's Island Escapes.
 39295 | Depths:1 | Found a gateway to Hell.
 39838 | Depths:1 | Reached skill level 15 in Fighting
 39864 | Depths:1 | Found a one-way gate to the infinite horrors of the Abyss.
 40430 | Depths:1 | Found a shattered altar of Ashenzari.
 40478 | Depths:1 | Found Muinoel's Jewellery Shop.
 41061 | Depths:2 | Found a one-way gate leading to the halls of Pandemonium.
 41104 | Depths:2 | Reached XP level 18. HP: 163/163 MP: 18/18
 41863 | Depths:2 | Found a sparkling altar of Nemelex Xobeh.
 42056 | Depths:2 | Paralysed by a floating eye for 3 turns
 42065 | Depths:2 | Paralysed by a floating eye for 3 turns
 42533 | Depths:2 | Reached skill level 16 in Fighting
 42533 | Depths:2 | Reached skill level 5 in Stealth
 42761 | Depths:2 | Found a corrupted altar of Lugonu.
 42836 | Depths:2 | Paralysed by a floating eye for 3 turns
 42842 | Depths:2 | Paralysed by a floating eye for 4 turns
 42844 | Depths:2 | HP: 1/166 [ettin/+1 dire flail of holy wrath (8)]
 42845 | Depths:2 | Mangled by an ettin

Illustrated notes

Levels and vault maps discovered:
D:1:      scummos_arrival_simple_fountains, layout_rooms
D:2:      layout_basic, serial_glass, glass_columns_c, glass_columns_b,
          feat_on_display, feat_on_display, due_unseen_surprise
D:3:      minmay_angry_zag, layout_loops_ring, old_standard_altar,
          bh_walls_and_bars, uniq_jessica
D:4:      layout_gridville, amethyst_overflow_temple_binary, serial_shops,
          shop_fountains
D:5:      layout_loops_cross, yredelemnul_forgotten_temple_becter, first_ration,
          serial_shops, nicolae_shop_stone, uniq_pikel, uniq_duvessa
D:6:      layout_loops_ring, zin_purify, makhleb_altar_promises_db,
          minmay_temple_entry_poolview, chequers_serial_rivers_small_3,
          uniq_blork_the_orc, uniq_menkaure, uniq_edmund
D:7:      wad_crossroads, layout_basic, grunt_gozag_breadcrumbs
D:8:      layout_rooms, dpeg_lair_monsters, blue_anna_alchemist
          [blue_anna_fruit_fields, blue_anna_fruit_fields], lemuel_old_faithful
D:9:      minmay_opposing_rooms, layout_basic, zombieorc2_lemuel, uniq_erica
D:10:     layout_loops_ring
D:11:     layout_loops_ring, nrook_guardian_serpent_double
D:12:     layout_cross, zaba_anthell
D:13:     layout_long_grid, grunt_vaults_entry_fortified, serial_glass,
          glass_columns_c, glass_columns_b, minmay_guarded_unrand_finisher,
          uniq_azrael
D:14:     layout_small_grid, minmay_misc_feat_plants, serial_shops,
          nicolae_shop_behind_doors, uniq_kirke
D:15:     hangedman_depths_entry_civil_slaughter, layout_basic,
          lemuel_crystal_altar, uniq_roxanne
Lair:1:   layout_misc_corridors, gauntlet_entry_generic
Lair:2:   layout_chaotic_city, minmay_shoals_entry_centaurs, fungi_pond_lemuel,
          grunt_megastairs_1, minmay_lair_oklob_chamber, serial_bayou_shore_a
Lair:3:   layout_hall_layers, nicolae_spider_entry_tight_spaces,
          beast_lair_carwin_5
Lair:4:   layout_roguey, chequers_serial_rivers_micro_e, pf_torpor_hydra,
          wad_woods_river_01
Lair:5:   layout_layer_cave, slime_altar_1, infiniplex_staircase_pool_2,
          grunt_megastairs_2
Spider:1: layout_spider_delve, portal_ice_cave_entry_pillars_four,
          guppyfry_hornet_nest, uniq_jorgrun
Spider:2: layout_spider_delve
Spider:3: layout_spider_delve
Spider:4: guppyfry_spider_rune
Orc:1:    layout_caves
Orc:2:    st_orc_pillars, layout_diamond_mine, nicolae_orc_flooded_monolith,
          uniq_nessos
Depths:1: layout_basic, abyss_entry, hellmouth_1, evilmike_ruin_ashenzari,
          drop_trap, minmay_shop_enchanted_jewellery, nicolae_island_escapes
Depths:2: kennysheep_green_arena, layout_basic,
          nemelex_xobeh_ov_fountains_minmay, serial_sigils,
          serial_sigils_hangedman_shear, serial_sigils_hangedman_shear,
          serial_sigils_hangedman_gnaw, serial_sigils_hangedman_snap,
          abyss_entry_flame_altar, mu_enter_wizlab_4, rand_demon_pan_entry_5,
          hell_entry

Skill      XL: |  1  2  3  4  5  6  7  8  9 10 11 12 13 14 15 16 17 18 |
---------------+-------------------------------------------------------+-----
Fighting       | 4 5 6 7 8 9 10 11 12 13 15 16 | 16.1
Axes           | 5 6 8 9 10 12 13 14 15 | 15.5
Dodging        | 2 3 4 6 10 11 | 11.5
Armour         | 3 4 5 6 7 8 9 10 11 12 13 14 | 14.0
Polearms       | 2 5 8 9 11 12 13 14 15 | 15.9
Stealth        | 1 3 4 5 |  5.0
Maces & Flails | 2 4 6 7 8 |  8.0
Shields        | 2 4 6 8 9 10 11 | 11.2
Evocations     | 1 |  1.1

Action                   |  1- 3 |  4- 6 |  7- 9 | 10-12 | 13-15 | 16-18 || total
-------------------------+-------+-------+-------+-------+-------+-------++-------
Melee: Hand axe          |   108 |   175 |    37 |       |       |       ||   320
       Trident           |       |       |   211 |   772 |  1187 |  1721 ||  3891
       Broad axe         |       |       |       |       |       |    23 ||    23
Invok: Berserk           |     1 |     2 |     2 |     7 |    10 |    26 ||    48
       Trog's Hand       |       |     4 |     1 |     3 |     9 |    35 ||    52
       Brothers in Arms  |       |       |       |       |       |     6 ||     6
Evoke: Wand              |       |       |       |     1 |       |     1 ||     2
  Use: Scroll            |     5 |     1 |     6 |     5 |    18 |    15 ||    50
       Potion            |       |       |       |     2 |    10 |     4 ||    16
 Stab: Invisible         |       |       |       |       |     1 |     6 ||     7
       Distracted        |       |       |       |       |       |     1 ||     1
  Eat: Chunk             |     1 |     5 |     9 |    27 |    13 |    48 ||   103
       Ration            |     1 |     2 |     1 |     2 |    11 |    12 ||    29
Armor: Animal skin       |     9 |       |       |       |       |       ||     9
       Ring mail         |    23 |    37 |       |       |       |       ||    60
       Chain mail        |       |    45 |    70 |   130 |       |   183 ||   428
       Plate armour      |       |       |       |   147 |   694 |   223 ||  1064
Dodge: Dodged            |    60 |    84 |    76 |   187 |   378 |   400 ||  1185
Block: Buckler           |       |       |    12 |   156 |   726 |   659 ||  1553
       Reflection        |       |       |       |       |     1 |    59 ||    60
       Rpst.: Trident    |       |       |       |       |       |    32 ||    32
       Broad axe         |       |       |       |       |       |     1 ||     1
